 Dungeon Crawl Stone Soup version 0.31-a0-303-gdc8c9485ea (webtiles) character file.

Game seed: 2803173805013025501

249475 tkbsonic5 the Warrior (level 20, -7/168 HPs)
             Began as a Formicid Wanderer on Apr 23, 2023.
             Was an Elder of Okawaru.
             Mangled by Mennas
             ... wielding a +5 trishula of holy wrath
              (23 damage)
             ... on level 2 of the Vaults on July 16, 2023.
             The game lasted 03:40:05 (32151 turns).

tkbsonic5 the Warrior (Formicid Wanderer)          Turns: 32151, Time: 03:40:06

Health: -7/168     AC: 35    Str: 26    XL:     20   Next: 39%
Magic:  28/32      EV:  7    Int:  7    God:    Okawaru [****..]
Gold:   1892       SH: 22    Dex: 15    Spells: 17/23 levels left

rFire   . . .        Y - +10 morningstar "Eos" {elec, Halo rElec, (8, 21+)}
rCold   + . .        P - +1 tower shield {AC+3} {Glitching Heavy Barrior}
rNeg    . . .        e - +3 crystal plate armour of the Desert {rPois Will+ Regen+ SInv, Company Flow Armor}
rPois   +            (helmet unavailable)
rElec   +            C - scarf {repulsion}
rCorr   +            E - +1 pair of gloves
SInv    +            k - +1 pair of boots of Intercession {rPois Str+5 Int-4 Dex+3}
Will    +++++        d - necklace of Bloodlust {Fury *Rage Will++ Int-3 Slay+6} Stlth
                     n - ring "Rassiarph" {rPois rC+ rCorr Str-2 Slay+4}
HPRegen 1.28/turn    M - +4 ring of slaying
MPRegen 0.23/turn

%: repel missiles
@: mighty, heroic, finesse-ful, glowing, constricted, studying Staves, silenced
A: permanent stasis, dig shafts and tunnels, antennae 3, four strong arms,
clumsy 1, subdued magic 1
}: 2/15 runes: serpentine, barnacled
a: Dig, Shaft Self, Renounce Religion


You were on level 2 of the Vaults.
You worshipped Okawaru.
Okawaru was greatly pleased with you.
You visited 6 branches of the dungeon, and saw 32 of its levels.

You collected 3496 gold pieces.
You spent 1604 gold pieces at shops.

Inventory:

Hand Weapons
 a - a +2 war axe of flaming
 J - the +3 arbalest "Voxeammi" {heavy, Dex+5}
   (You took it off a vault sentinel on level 1 of the Vaults)

   Dex:       It affects your dexterity (+5).
 N - a +6 vampiric lajatang {(2, 21) <3}
 Y - the +10 morningstar "Eos" (weapon) {elec, Halo rElec, (8, 21+)}
   (You bought it in a shop on level 2 of the Orcish Mines)

   Halo:      It grants its wielder a halo, revealing invisible creatures and
   increasing accuracy against all within it other than the wielder.
   rElec:     It insulates you from electricity.
Missiles
 r - 15 boomerangs {Kairos}
 w - 18 poisoned darts
 z - 4 javelins {Shattering Pitch}
 S - a curare-tipped dart
 V - 8 silver javelins (quivered) {Mind Killer}
 X - 4 throwing nets
Armour
 e - the +3 crystal plate armour of the Desert (worn) {rPois Will+ Regen+ SInv, Company Flow Armor}
   (You acquired it on level 2 of the Dungeon)

   rPois:     It protects you from poison.
   SInv:      It lets you see invisible.
   Regen:     It increases your rate of health regeneration.
   Will:      It increases your willpower.
 k - the +1 pair of boots of Intercession (worn) {rPois Str+5 Int-4 Dex+3}
   (Okawaru gifted it to you on level 1 of the Vaults)

   Str:       It affects your strength (+5).
   Int:       It affects your intelligence (-4).
   Dex:       It affects your dexterity (+3).
   rPois:     It protects you from poison.
 C - a scarf of repulsion (worn)
 E - a +1 pair of gloves (worn)
 P - a +1 tower shield of protection (worn) {Glitching Heavy Barrior}
Jewellery
 d - the necklace of Bloodlust (around neck) {Fury *Rage Will++ Int-3 Slay+6}
   (You found it on level 1 of the Vaults)

   [amulet of nothing]

   Fury:      It extends the wearer's berserk rage when killing foes.
   Int:       It affects your intelligence (-3).
   Slay:      It affects your accuracy & damage with ranged weapons and melee
   (+6).
   *Rage:     It berserks you when you make melee attacks (+50% chance).
   Will:      It greatly increases your willpower.
 g - a +6 ring of intelligence
 h - an amulet of reflection
 l - a ring of willpower
 m - a ring of willpower
 n - the ring "Rassiarph" (left hand) {rPois rC+ rCorr Str-2 Slay+4}
   (You found it on level 1 of the Vaults)

   [ring of slaying]

   Str:       It affects your strength (-2).
   Slay:      It affects your accuracy & damage with ranged weapons and melee
   (+4).
   rC:        It protects you from cold.
   rPois:     It protects you from poison.
   rCorr:     It protects you from acid and corrosion.
 p - a +6 ring of strength
 q - a ring of protection from fire
 t - a ring of magical power
 u - a +4 ring of protection
 x - a +6 ring of strength
 A - a +4 ring of protection
 B - a ring of wizardry
 D - a ring of resist corrosion
 I - a ring of positive energy
 M - a +4 ring of slaying (right hand)
 Q - an amulet of regeneration
 T - a +6 ring of strength
 U - a ring of positive energy
 Z - a ring of positive energy
Wands
 f - a wand of flame (17)
 s - a wand of digging (2)
Scrolls
 y - 2 scrolls of fear
 K - 8 scrolls of identify
 L - a scroll of silence
 R - a scroll of revelation
Potions
 b - 7 potions of attraction
 c - 2 potions of lignification
 i - 8 potions of ambrosia
 j - 13 potions of curing
 o - 4 potions of enlightenment
 v - 4 potions of heal wounds
 F - 5 potions of mutation
 G - a potion of invisibility
 H - 3 potions of brilliance
Miscellaneous
 W - a lightning rod (4/4)


   Skills:
 * Level 17.4(22.4) Fighting
 - Level 2.3(7.3) Short Blades
 * Level 12.1(20.1) Maces & Flails
 - Level 14.5(21.3) Staves
 - Level 0.1(5.1) Ranged Weapons
 * Level 11.4(16.4) Throwing
 - Level 11.3(16.3) Armour
 - Level 7.7(12.7) Dodging
 - Level 1.7(6.7) Stealth
 * Level 14.6(19.6) Shields
 - Level 2.3 Spellcasting
 - Level 0.3 Conjurations
 - Level 2.8 Hexes
 - Level 2.1 Necromancy
 - Level 0.1 Air Magic
 - Level 0.5 Poison Magic
 + Level 17.0 Invocations
 - Level 7.9 Evocations


You had 17 spell levels left.
You knew the following spells:

 Your Spells              Type           Power      Damage    Failure   Level
a - Slow                  Hex            12%        N/A       98%         1
b - Cigotuvi's Dreadful   Necr/Pois/Air  2%         N/A       100%        2
c - Dazzling Flash        Conj/Hex       4%         N/A       100%        3

Your spell library contained the following spells:

 Spells                   Type           Power      Damage    Failure   Level
 Apportation              Tloc           0%         N/A       100%        1
 Sandblast                Erth           0%         2d4       100%        1
 Sting                    Tmut/Pois      0%         1d3       100%        1
 Ensorcelled Hibernation  Hex/Ice        4%         N/A       100%        2
 Passwall                 Tmut/Erth      0%         N/A       100%        2
 Poisonous Vapours        Pois/Air       2%         N/A       100%        2
 Scorch                   Fire           0%         2d5       100%        2
 Static Discharge         Conj/Air       0%         2-2/arc   100%        2
 Sublimation of Blood     Necr           2%         N/A       100%        2
 Wereblood                Tmut           0%         N/A       100%        2
 Hailstorm                Conj/Ice       0%         3d3       100%        3
 Ignite Poison            Fire/Tmut/Pois 0%         N/A       100%        3
 Ozocubu's Armour         Ice            0%         N/A       100%        3
 Portal Projectile        Hex/Tloc       4%         N/A       100%        3
 Stone Arrow              Conj/Erth      0%         3d7       100%        3
 Volatile Blastmotes      Fire/Tloc      0%         2d10      100%        3
 Airstrike                Air            0%         2d(0-16)  100%        4
 Anguish                  Hex/Necr       1%         N/A       100%        4
 Flame Wave               Conj/Fire      0%         2d4       100%        4
 Fulminant Prism          Conj/Hex       1%         3d5       100%        4
 Iskenderun's Mystic Bla  Conj/Tloc      0%         2d3       100%        4
 Leda's Liquefaction      Hex/Erth       1%         N/A       100%        4
 Manifold Assault         Tloc           0%         N/A       100%        4
 Olgreb's Toxic Radiance  Pois           1%         N/A       100%        4
 Passage of Golubria      Tloc           0%         N/A       100%        4
 Sticky Flame             Conj/Fire      0%         2d3       100%        4
 Alistair's Intoxication  Tmut/Pois      0%         N/A       100%        5
 Arcjolt                  Conj/Air       0%         1d10      100%        5
 Borgnjor's Vile Clutch   Necr/Erth      0%         N/A       100%        5
 Lee's Rapid Deconstruct  Erth           0%         3d4*      100%        5
 Yara's Violent Unravell  Hex/Tmut       1%         3d3       100%        5
 Dispersal                Tloc           0%         N/A       100%        6
 Eringya's Noxious Bog    Tmut/Pois      0%         4d6       100%        6
 Leda's Unmaking          Conj/Erth      0%         9d1       100%        6
 Plasma Beam              Fire/Air       0%         2x1d10    100%        6
 Ozocubu's Refrigeration  Ice            0%         4d7       100%        7
 Disjunction              Tloc           0%         N/A       100%        8
 Ignition                 Fire           0%         3d3       100%        8
 Maxwell's Capacitive Co  Air            0%         ∞         100%        8
 Call Canine Familiar     Summ           Unusable   N/A       N/A         3
 Tukima's Dance           Hex            Unusable   N/A       N/A         3
 Vhi's Electric Charge    Tloc/Air       Unusable   N/A       N/A         3
 Animate Armour           Summ/Erth      Unusable   N/A       N/A         4
 Summon Ice Beast         Ice/Summ       Unusable   N/A       N/A         4
 Summon Lightning Spire   Summ/Air       Unusable   N/A       N/A         4
 Summon Forest            Summ/Tloc      Unusable   N/A       N/A         5
 Simulacrum               Ice/Necr       Unusable   N/A       N/A         6
 Summon Cactus Giant      Summ           Unusable   N/A       N/A         6
 Summon Hydra             Summ           Unusable   N/A       N/A         7

Dungeon Overview and Level Annotations

Branches:
Dungeon (15/15)              Lair (5/5) D:10         Shoals (4/4) Lair:2
  Snake (4/4) Lair:2        Slime (0/5) Lair:5          Orc (2/2) D:10
    Elf (0/3) Orc:2        Vaults (2/5) D:14         Depths (0/4) D:15
 Temple: D:4-7        Crypt: Vaults:2-3

Altars:
Ashenzari
Cheibriados
Fedhas
Nemelex Xobeh
Okawaru
Trog
Uskayaw
Vehumet
Xom
The Shining One
Jiyva

Shops:
D:3 :   Orc:2 (=(*!((::

Portals:
Abyss: D:12
Trove: Vaults:1 (give 5 scrolls of fear)

Annotations:
D:7 2 transporters, BlueFish's ghost, novice OpFi
Lair:2 exclusion: oklob plant
Lair:5 3 runed translucent doors, Mangosteen's ghost, journeyman MiBe
Vaults:2 Mennas


Innate Abilities, Weirdness & Mutations

You cannot be hasted, slowed, berserked, paralysed or teleported.
You can dig through walls and to a lower floor.
You have a pair of large antennae on your head. (SInv)
Your four strong arms can wield two-handed weapons with a shield.
You are clumsy. (Dex -2)
Your spells are a little easier to cast, but a little less powerful.


Message History

Cornered, the white ugly thing turns to fight!
You barely miss Mennas. Mennas barely misses you. You block Mennas's attack.
Unknown command.
You puncture Mennas!
Mennas is lightly wounded.
Unknown command.
Mennas blocks your attack.
Mennas is lightly wounded.
The yaktaur seems to regain its courage.
Mennas gestures at you.
Mennas hits you with a +5 trishula of holy wrath!!
Mennas hits you with a +5 trishula of holy wrath.
The wizard barely misses you.
Cornered, the yaktaur turns to fight!
The vault warden hits you with a +1 vampiric battleaxe!
* * * LOW HITPOINT WARNING * * *
You block the skeletal warrior's attack.
The yaktaur shoots a bolt.
You block the bolt.
You barely miss the wizard. You block the harpy's attack.
The harpy claws you but does no damage.
Mennas hits you with a +5 trishula of holy wrath!!
* * * LOW HITPOINT WARNING * * *
Mennas hits you but does no damage.
Unknown command.
You spit the wizard like a pig!!!
You kill the wizard!
Okawaru accepts your kill. The harpy claws you but does no damage.
You block the harpy's attack.
You block the skeletal warrior's attack.
You block the formless jellyfish's attack.
The formless jellyfish grabs you. The formless jellyfish constricts you.
* * * LOW HITPOINT WARNING * * *
The vault warden hits you with a +1 vampiric battleaxe!
* * * LOW HITPOINT WARNING * * *
Okay, then.
You bludgeon the formless jellyfish!!
Lightning courses through the formless jellyfish!
The formless jellyfish is moderately wounded.
You block the harpy's attack. The harpy claws you but does no damage.
Mennas hits you with a +5 trishula of holy wrath!!
You die...

#..###..##
#..c..##
###u#####
#.))..# #k))..#
####.....####
#...........#
#..cAJ#.....# #
#.cu@###.z.{#.#
#.cHzp#{...{'.#{
#....Z.p{Z.p#.#
{ ####...G.####
# { #.p...# {
#...p.# #######


You could see Mennas (silencing), a formless jellyfish (unsilenced), an
ironbound preserver, a vault warden (sheltered), a great orb of eyes
(unsilenced), 2 ugly things, a skeletal warrior (sheltered), a vault sentinel, a
lindwurm (unsilenced), an ironbound convoker (sheltered, fleeing), 4 yaktaurs, a
harpy (sheltered) and an ironbound convoker skeleton (sheltered).

Vanquished Creatures
  Mlioglotl (Snake:3)
  Rupert (D:14)
  3 sphinxes (Vaults:1)
  A kraken (Shoals:2)
  Gastronok (Lair:3)
  Kirke (D:14)
  6 nagarajas
  3 vault wardens
  A frost giant (Shoals:4)
  Aizul (Snake:1)
  3 ironbound preservers (Vaults:1)
  A formless jellyfish (Shoals:4)
  3 ironbound thunderhulks (Vaults:1)
  Azrael (D:14)
  The ghost of cheesebisquit the Earth Mage, a journeyman DrVM of Vehumet (D:12)
  6 dire elephants (Vaults:1)
  Snorg (Lair:3)
  A fire dragon (D:15)
  4 merfolk javelineers
  4 merfolk impalers
  2 yaktaur captains (Vaults:2)
  An ice dragon (D:15)
  5 hydras
  A rakshasa (D:12)
  3 salamander tyrants (Snake:4)
  4 boulder beetles
  4 catoblepae
  3 ironbound frosthearts
  12 centaur warriors
  5 anacondas
  3 two-headed ogres
  A satyr (Shoals:3)
  17 naga warriors
  10 death yaks (Lair:5)
  5 merfolk aquamancers
  6 shock serpents
  10 naga sharpshooters
  3 orc high priests (Orc:2)
  Sonja (Lair:2)
  A sun demon (D:14)
  5 skysharks
  A fire crab (Lair:5)
  2 salamander mystics (Snake:4)
  10 deep trolls (Vaults:1)
  13 sea snakes
  11 slime creatures
  7 naga ritualists
  3 ironbound convokers (Vaults:1)
  7 wizards
  12 lindwurms (Vaults:1)
  6 orc knights
  11 harpies
  3 orc sorcerers (Orc:2)
  24 ugly things
  4 deep elf pyromancers
  10 cyclopes
  16 manticores
  6 mana vipers
  9 salamanders
  A worldbinder (D:12)
  15 fauns
  4 merfolk sirens
  5 water nymphs
  4 elephants (Lair:4)
  3 guardian serpents
  11 naga magi
  8 vault sentinels
  10 cane toads
  43 black mambas
  2 torpor snails
  5 gargoyles
  An efreet (D:15)
  A large abomination (D:12)
  4 rime drakes
  Psyche (D:9)
  An unseen horror (D:13)
  8 kobold demonologists
  An ice devil (D:14)
  A freezing wraith (D:15)
  17 yaktaurs
  2 tengu conjurers (D:15)
  15 komodo dragons
  A queen bee (Lair:1)
  2 polar bears
  A tarantella (shapeshifter) (D:14)
  9 trolls
  25 merfolk
  2 hellwings (D:12)
  A wolf spider simulacrum (D:14)
  3 hornets
  Prince Ribbit (D:9)
  3 wind drakes
  20 blink frogs
  7 snapping turtles
  4 dream sheep
  A raiju (D:12)
  A spriggan (D:13)
  48 yaks
  2 vampires
  6 water elementals
  21 humans (D:14)
  4 wyverns
  Grum (D:8)
  7 wraiths
  4 fire elementals (D:14)
  5 basilisks
  3 steam dragons (D:8)
  2 redbacks (D:15)
  5 vampire mosquitoes (D:12)
  Menkaure (D:7)
  5 wargs
  An acid dragon (D:10)
  3 hell hounds (D:14)
  20 water moccasins
  24 nagas
  11 orc warriors
  4 sky beasts
  A black bear (D:4)
  An ice beast (D:5)
  6 ogres
  10 wolves
  A phantom (D:5)
  9 centaurs
  5 kobold brigands
  11 bullfrogs
  A gnoll sergeant (D:5)
  5 scorpions
  4 wights (D:10)
  3 killer bees (D:9)
  4 howler monkeys
  2 electric eels (Snake:1)
  4 crimson imps (D:14)
  A jelly (D:7)
  Crazy Yiuf (D:3)
  2 gnoll boudas
  8 orc priests
  6 hounds
  2 iguanas
  9 orc wizards
  A mummy (D:8)
  17 gnolls
  4 adders
  5 white imps
  3 ufetubi
  2 worms
  36 orcs
  10 ball pythons
  5 bats
  4 endoplasms
  4 giant cockroaches
  3 hobgoblins
  2 jackals (D:2)
  4 quokkas
  2 frilled lizards (D:3)
  8 goblins
  A hobgoblin zombie (D:8)
  25 kobolds
  A kobold zombie (D:8)
  2 rats
  4 tentacles (Shoals:2)
961 creatures vanquished.

Vanquished Creatures (collateral kills)
  2 merfolk avatars (Shoals:3)
  2 naga warriors (Snake:4)
  A naga sharpshooter (Snake:4)
  2 naga ritualists (Snake:4)
  A cyclops (D:14)
  2 naga magi (Snake:4)
  A dream sheep (Shoals:3)
  2 yaks (D:11)
  2 nagas (Snake:4)
  2 orc priests (Orc:2)
  An orc wizard (Orc:1)
  2 orcs (Orc:1)
  A kobold (D:11)
21 creatures vanquished.

Vanquished Creatures (others)
  A centaur warrior (D:14)
  A naga sharpshooter (Snake:4)
  A salamander mystic (Snake:4)
  A cyclops (D:14)
  A manticore (Shoals:3)
  2 naga magi
  A hornet (D:10)
  A yak (D:11)
  2 nagas (Snake:4)
  3 orc warriors
  A centaur (D:13)
  2 orc wizards (D:10)
  An orc (D:8)
  A kobold (D:11)
  2 starspawn tentacles (Snake:3)
  4 tentacles (Shoals:2)
25 creatures vanquished.

Grand Total: 1007 creatures vanquished

Notes
Turn   | Place    | Note
-------+----------+-------------------------------------------
     0 | D:1      | tkbsonic5 the Formicid Wanderer began the quest for the
                  | Orb.
     0 | D:1      | tkbsonic5 set off with the following items: a +0 club, a
                  | potion of attraction, a +0 leather armour, a wand of flame
                  | (5); and the following spell memorised: Slow; and the
                  | following spells available to memorise: Sublimation of
                  | Blood, Cigotuvi's Dreadful Rot, Dazzling Flash, Anguish.
     0 | D:1      | Reached XP level 1. HP: 13/13 MP: 3/3
   316 | D:1      | Reached XP level 2. HP: 20/20 MP: 1/5
   367 | D:1      | Learned a level 2 spell: Cigotuvi's Dreadful Rot
   402 | D:1      | Found a faded altar of an unknown god.
   835 | D:1      | Reached skill level 1 in Fighting
   835 | D:1      | Reached XP level 3. HP: 26/26 MP: 4/6
   863 | D:1      | Reached skill level 1 in Short Blades
  1198 | D:2      | Learned a level 3 spell: Dazzling Flash
  1523 | D:2      | Identified a scroll of acquirement
  1523 | D:2      | Acquired the +3 crystal plate armour of the Desert {rPois
                  | Will+ Regen+ SInv}
  1754 | D:3      | Reached XP level 4. HP: 28/32 MP: 7/7
  1841 | D:3      | Reached skill level 1 in Armour
  1925 | D:3      | Found Wiliweew's Book Shoppe.
  1942 | D:3      | Reached XP level 5. HP: 35/38 MP: 8/8
  2008 | D:3      | Found a runed translucent door.
  2009 | D:3      | Noticed Crazy Yiuf
  2511 | D:3      | Killed Crazy Yiuf
  2588 | D:4      | Noticed a centaur
  2598 | D:4      | Killed a centaur
  2599 | D:4      | Reached skill level 1 in Staves
  2599 | D:4      | Reached XP level 6. HP: 46/47 MP: 9/9
  2600 | D:4      | Found a shimmering altar of Xom.
  2602 | D:4      | Found a shimmering altar of Xom.
  2612 | D:4      | Found a shimmering altar of Xom.
  2613 | D:4      | Found a shimmering altar of Xom.
  2613 | D:4      | Found a shimmering altar of Xom.
  2613 | D:4      | Found a shimmering altar of Xom.
  2664 | D:4      | Noticed a black bear
  2699 | D:4      | Killed a black bear
  2700 | D:4      | Reached XP level 7. HP: 46/53 MP: 10/10
  2863 | D:4      | Found an iron altar of Okawaru.
  2995 | D:4      | Reached skill level 1 in Shields
  3320 | D:4      | Became a worshipper of Warmaster Okawaru
  3337 | D:5      | Entered Level 5 of the Dungeon
  3347 | D:5      | Reached XP level 8. HP: 61/61 MP: 11/11
  3512 | D:5      | Reached skill level 5 in Fighting
  3512 | D:5      | Reached skill level 1 in Invocations
  3531 | D:5      | Reached skill level 5 in Armour
  3618 | D:5      | Found a sparkling altar of Nemelex Xobeh.
  3655 | D:5      | Found a broken altar of Ashenzari.
  3674 | D:5      | Reached * piety under Okawaru
  3824 | D:5      | Reached XP level 9. HP: 61/69 MP: 12/12
  4389 | D:6      | Reached skill level 5 in Staves
  4451 | D:6      | Reached ** piety under Okawaru
  4511 | D:6      | You fall into a shaft and drop 3 floors!
  4561 | D:7      | Noticed Menkaure
  4566 | D:7      | Killed Menkaure
  4679 | D:7      | Found a transporter.
  4679 | D:7      | Found a transporter.
  4695 | D:7      | Found a bloodstained altar of Trog.
  4708 | D:7      | Noticed BlueFish's ghost (novice OpFi)
  4708 | D:7      | Noticed a moth of wrath
  4807 | D:7      | Reached skill level 5 in Shields
  5037 | D:8      | Noticed Grum
  5065 | D:8      | Killed Grum
  5066 | D:8      | Reached XP level 10. HP: 52/79 MP: 13/13
  5264 | D:8      | Reached *** piety under Okawaru
  5464 | D:8      | Found a radiant altar of Vehumet.
  5476 | D:8      | Reached skill level 5 in Invocations
  5806 | D:8      | Found a bloodstained altar of Trog.
  5911 | D:9      | Noticed Psyche
  5927 | D:9      | Killed Psyche
  6187 | D:9      | Noticed Maggie
  6198 | D:9      | Maggie changed into Maggie the bullfrog
  6198 | D:9      | Noticed Maggie
  6205 | D:9      | Killed Maggie the bullfrog
  6212 | D:9      | Reached **** piety under Okawaru
  6372 | D:9      | Noticed Prince Ribbit
  6382 | D:9      | Killed Prince Ribbit
  6551 | D:9      | Reached XP level 11. HP: 88/89 MP: 15/15
  6809 | D:10     | Entered Level 10 of the Dungeon
  7057 | D:10     | Reached ***** piety under Okawaru
  7099 | D:10     | Found a staircase to the Lair.
  7197 | D:10     | Noticed a two-headed ogre
  7197 | D:10     | Noticed a boulder beetle
  7221 | D:10     | Killed a two-headed ogre
  7227 | D:10     | Killed a boulder beetle
  7232 | D:10     | Reached skill level 10 in Fighting
  7318 | D:10     | Noticed a boulder beetle
  7319 | D:10     | Noticed a catoblepas
  7346 | D:10     | Killed a boulder beetle
  7387 | D:10     | Killed a catoblepas
  7782 | D:10     | Found a hide-covered altar of Uskayaw.
  7782 | D:10     | Noticed an orc knight
  7782 | D:10     | Noticed a centaur warrior
  7806 | D:10     | Killed an orc knight
  7814 | D:10     | Killed a centaur warrior
  7815 | D:10     | Reached XP level 12. HP: 55/98 MP: 10/17
  7835 | D:10     | Found a staircase to the Orcish Mines.
  7849 | D:10     | Reached ****** piety under Okawaru
  7858 | D:10     | Identified the +2 chain mail of Fyckibac {Will- Dex+8
                  | Slay-5 Stlth+} (Okawaru gifted it to you on level 10 of the
                  | Dungeon)
  7858 | D:10     | Received a gift from Okawaru
  7953 | D:10     | Found a glowing golden altar of the Shining One.
  8008 | D:10     | Got the +5 eveningstar "Netohalo" {heavy, rElec rCorr Str+3
                  | Int+2}
  8613 | D:11     | Noticed a centaur warrior
  8624 | D:11     | Killed a centaur warrior
  8625 | D:11     | Reached skill level 10 in Staves
  8768 | D:11     | Reached skill level 1 in Throwing
  8841 | D:11     | Gained mutation: Your spells are a little easier to cast,
                  | but a little less powerful. [a neqoxec]
  8842 | D:11     | Gained mutation: You are clumsy. (Dex -2) [a neqoxec]
  9114 | D:11     | Noticed a two-headed ogre
  9125 | D:11     | Killed a two-headed ogre
  9527 | Lair:1   | Entered Level 1 of the Lair of Beasts
  9528 | Lair:1   | Upgraded the game from 0.30-a0-1124-g6e8f0f562f to
                  | 0.30-a0-1161-g0704695555
  9528 | Lair:1   | Upgraded the game from 0.30-a0-1161-g0704695555 to
                  | 0.30-a0-1164-ge08a67761e
  9563 | Lair:1   | Reached XP level 13. HP: 96/106 MP: 19/19
  9589 | Lair:1   | Received a gift from Okawaru
 10282 | Lair:1   | Reached skill level 10 in Invocations
 10580 | Lair:1   | You fall into a shaft and drop 1 floor!
 10610 | Lair:2   | Found a staircase to the Snake Pit.
 10820 | Lair:2   | Noticed Sonja
 10836 | Lair:2   | Killed Sonja
 10933 | Lair:2   | Received a gift from Okawaru
 11184 | Lair:2   | Found a staircase to the Shoals.
 11199 | Lair:2   | Noticed a six-headed hydra
 11217 | Lair:2   | Reached XP level 14. HP: 85/115 MP: 13/21
 11806 | Lair:3   | Reached skill level 10 in Shields
 11858 | Lair:3   | Noticed Snorg
 11888 | Lair:3   | Killed Snorg
 11888 | Lair:3   | Received a gift from Okawaru
 11966 | Lair:3   | Acquired a manual of Staves
 12413 | Lair:3   | Noticed Gastronok
 12449 | Lair:3   | Killed Gastronok
 13117 | Lair:4   | Identified the +4 demon whip of the Many Nightcaps {flame,
                  | rPois rN+ rCorr} (Okawaru gifted it to you on level 4 of
                  | the Lair of Beasts)
 13117 | Lair:4   | Received a gift from Okawaru
 13302 | Lair:4   | Reached skill level 5 in Dodging
 13603 | Lair:5   | Entered Level 5 of the Lair of Beasts
 13741 | Lair:5   | Found a staircase to the Slime Pits.
 13743 | Lair:5   | Found a viscous altar of Jiyva.
 13909 | Lair:5   | Identified the +2 war axe "Ewygajop" {freeze, rCorr Dex+2}
 13961 | Lair:5   | Reached XP level 15. HP: 123/123 MP: 23/23
 14073 | Lair:5   | Received a gift from Okawaru
 14126 | Lair:5   | Noticed Mangosteen's ghost (journeyman MiBe)
 14175 | Lair:5   | Found a runed translucent gate.
 14175 | Lair:5   | Found a runed translucent gate.
 14175 | Lair:5   | Found a runed translucent gate.
 14189 | Lair:5   | Reached skill level 5 in Evocations
 14393 | Lair:5   | Received a gift from Okawaru
 15044 | D:12     | Upgraded the game from 0.30-a0-1164-ge08a67761e to
                  | 0.31-a0-1-g4198be8af4
 15120 | D:12     | Found a transporter.
 15126 | D:12     | Found a transporter.
 15247 | D:12     | Noticed cheesebisquit's ghost (journeyman DrVM)
 15267 | D:12     | Found a one-way gate to the infinite horrors of the Abyss.
 15321 | D:12     | Killed cheesebisquit's ghost
 15345 | D:12     | Reached skill level 5 in Throwing
 17184 | D:13     | Received a gift from Okawaru
 17185 | D:13     | Reached skill level 10 in Armour
 17234 | D:14     | Noticed Kirke
 17245 | D:14     | Killed Kirke
 17318 | D:14     | Noticed Azrael
 17352 | D:14     | Killed Azrael
 17354 | D:14     | Noticed Rupert
 17366 | D:14     | Killed Rupert
 17367 | D:14     | Reached XP level 16. HP: 132/132 MP: 20/25
 17581 | D:14     | Received a gift from Okawaru
 17643 | D:14     | Found a gate leading to a gauntlet.
 17749 | D:14     | Found a gate to the Vaults.
 17907 | D:14     | Found a blossoming altar of Fedhas.
 17982 | D:15     | Entered Level 15 of the Dungeon
 18458 | D:15     | Found a staircase to the Depths.
 18950 | D:15     | Received a gift from Okawaru
 18986 | D:15     | Received a gift from Okawaru
 19324 | Orc:1    | Entered Level 1 of the Orcish Mines
 19476 | Orc:2    | Entered Level 2 of the Orcish Mines
 19982 | Orc:2    | Found Runyqeva's Jewellery Boutique.
 20013 | Orc:2    | Found Taull's General Store.
 20084 | Orc:2    | Received a gift from Okawaru
 20189 | Orc:2    | Found Qeusoerr's Book Shoppe.
 20189 | Orc:2    | Found Zagyex's Book Boutique.
 20201 | Orc:2    | Found Ekhan's Distillery.
 20201 | Orc:2    | Found Lonuutru's Antique Weapon Boutique.
 20242 | Orc:2    | Bought a potion of heal wounds for 70 gold pieces
 20242 | Orc:2    | Bought 2 potions of curing for 84 gold pieces
 20242 | Orc:2    | Bought a potion of curing for 42 gold pieces
 20242 | Orc:2    | Bought a potion of heal wounds for 70 gold pieces
 20242 | Orc:2    | Bought 2 potions of heal wounds for 140 gold pieces
 20242 | Orc:2    | Bought a potion of lignification for 42 gold pieces
 20292 | Orc:2    | Bought a potion of invisibility for 120 gold pieces
 20298 | Orc:2    | Found Yfot's Weapon Emporium.
 20304 | Orc:2    | Bought the +10 morningstar "Eos" {elec, Halo rElec} for
                  | 1036 gold pieces
 20304 | Orc:2    | Found the +10 morningstar "Eos" {elec, Halo rElec}
 20419 | Orc:2    | Found Nulid's Antique Weapon Emporium.
 20470 | Orc:2    | Found a staircase to the Elven Halls.
 20497 | Orc:2    | Found Mid Orphe's Weapon Boutique.
 20832 | Snake:1  | Entered Level 1 of the Snake Pit
 20833 | Snake:1  | Upgraded the game from 0.31-a0-1-g4198be8af4 to
                  | 0.31-a0-8-gd14b0f4ee2
 20839 | Snake:1  | Upgraded the game from 0.31-a0-8-gd14b0f4ee2 to
                  | 0.31-a0-18-gea43df2a32
 20839 | Snake:1  | Upgraded the game from 0.31-a0-18-gea43df2a32 to
                  | 0.31-a0-142-g31f6795574
 20950 | Snake:1  | Reached skill level 1 in Maces & Flails
 21309 | Snake:1  | Noticed Aizul
 21322 | Snake:1  | Killed Aizul
 21323 | Snake:1  | Reached XP level 17. HP: 130/140 MP: 20/27
 22643 | Snake:2  | Upgraded the game from 0.31-a0-142-g31f6795574 to
                  | 0.31-a0-196-g86fe4a5e66
 22715 | Snake:2  | Reached skill level 15 in Fighting
 22815 | Snake:2  | Received a gift from Okawaru
 22954 | Snake:2  | Found a snail-covered altar of Cheibriados.
 23280 | Arena    | Entered the Arena
 23500 | Snake:2  | Reached skill level 5 in Maces & Flails
 24145 | Snake:3  | Received a gift from Okawaru
 24152 | Snake:3  | Noticed Mlioglotl
 24155 | Snake:3  | Noticed a tentacled starspawn
 24166 | Snake:3  | Killed Mlioglotl
 24713 | Snake:4  | Entered Level 4 of the Snake Pit
 24734 | Snake:4  | Reached skill level 15 in Invocations
 24892 | Snake:4  | Received a gift from Okawaru
 25211 | Snake:4  | Received a gift from Okawaru
 25240 | Snake:4  | Reached XP level 18. HP: 148/151 MP: 21/29
 25417 | Snake:4  | Received a gift from Okawaru
 25734 | Snake:4  | Got a serpentine rune of Zot
 25736 | Snake:4  | Upgraded the game from 0.31-a0-196-g86fe4a5e66 to
                  | 0.31-a0-217-g58bb5d79cf
 25976 | Snake:4  | Received a gift from Okawaru
 26366 | Shoals:1 | Entered Level 1 of the Shoals
 27346 | Shoals:2 | Received a gift from Okawaru
 27356 | Shoals:2 | Noticed a kraken
 27379 | Shoals:2 | Killed a kraken
 28302 | Shoals:3 | Reached XP level 19. HP: 152/158 MP: 31/31
 28451 | Shoals:3 | Reached skill level 10 in Maces & Flails
 28453 | Shoals:3 | Received a gift from Okawaru
 28770 | Shoals:4 | Entered Level 4 of the Shoals
 28774 | Shoals:4 | Identified the +3 ring mail of the Gate {rF+ Dex+3}
                  | (Okawaru gifted it to you on level 4 of the Shoals)
 28774 | Shoals:4 | Received a gift from Okawaru
 29229 | Shoals:4 | Reached skill level 10 in Throwing
 29336 | Shoals:4 | Got a barnacled rune of Zot
 29413 | Shoals:4 | Upgraded the game from 0.31-a0-217-g58bb5d79cf to
                  | 0.31-a0-303-gdc8c9485ea
 29705 | Vaults:1 | Entered Level 1 of the Vaults
 30059 | Vaults:1 | Acquired 905 gold pieces
 30245 | Vaults:1 | Received a gift from Okawaru
 30325 | Vaults:1 | Identified the +1 pair of boots of Intercession {rPois
                  | Str+5 Int-4 Dex+3} (Okawaru gifted it to you on level 1 of
                  | the Vaults)
 30325 | Vaults:1 | Received a gift from Okawaru
 30402 | Vaults:1 | Identified the +3 arbalest "Voxeammi" {heavy, Dex+5}
 31223 | Vaults:1 | Found the necklace of Bloodlust {Fury *Rage Will++ Int-3
                  | Slay+6}
 31235 | Vaults:1 | Reached XP level 20. HP: 162/168 MP: 25/32
 31276 | Vaults:1 | Identified the ring "Rassiarph" {rPois rC+ rCorr Str-2
                  | Slay+4}
 31794 | Vaults:1 | Found a portal to a secret trove of treasure.
 32119 | Vaults:2 | Noticed Mennas
 32151 | Vaults:2 | Mangled by Mennas

Illustrated notes

Levels and vault maps discovered:
D:1:      ncdulo_watergridlock, layout_loops_cross, basic_ecumenical_altar
D:2:      layout_rooms, minmay_misc_feat_tower
D:3:      layout_loops_ring, serial_shops, nicolae_shop_advertising_works
          [nicolae_subvault_shop_adworks], minmay_crystal_water,
          uniq_crazy_yiuf_cottage
D:4:      layout_cave_pools, xom_redecorated, kennysheep_okawaru_gauntlet,
          eino_small_chamber_without_monster
D:5:      layout_basic, nemelex_spade_bored_becter,
          ashenzari_conservatory_becter, serial_bayou, serial_bayou_pond_d,
          serial_bayou_pond_e, serial_bayou_ford_a, serial_bayou_lake_a,
          serial_bayou_pond_c, nrook_mini_backslash
D:6:      layout_gridville, minmay_temple_entry_gardened_gates
D:7:      layout_rooms, gammafunk_ghost_wrathful_warriors, uniq_menkaure
D:8:      layout_basic, mainiacjoe_overflow_six_doors_small,
          general_overflow_altar, nicolae_ossuary_entry_giza,
          hangedman_abyss_or_decor_passed, uniq_grum
D:9:      layout_cave_pods, dk_noncrumbling_3, minivault_26, uniq_maggie,
          uniq_psyche, uniq_prince_ribbit1
D:10:     minmay_roctagon, layout_layer_cave, mainiacjoe_overflow_tiny_flanked,
          erik_lair_dragon, minmay_orc_entry_guard_dogs, grunt_decor_resistance,
          minmay_ruined_shrine
D:11:     layout_loops_ring, nicolae_twisting_strands,
          chequers_serial_rivers_small_a
D:12:     layout_small_grid, gammafunk_ghost_abyssal_escape
D:13:     layout_loops_corners
D:14:     layout_rooms, david_vaults_3, fedhas_altar_fruit_tree,
          gauntlet_entry_generic, chequers_serial_rivers_large_b,
          minmay_fire_ice_demons, uniq_kirke, uniq_azrael
D:15:     grunt_enter_depths_hoard, layout_basic, chequers_arboretum
Lair:1:   layout_cave_pods, grunt_megastairs_2
Lair:2:   layout_roguey, minmay_shoals_entry_beasts,
          minmay_snake_entry_six_corridors, serial_bayou_pond_c, ldierk_geyser,
          minmay_lair_oklob_items, serial_bayou_pond_d, uniq_sonja
Lair:3:   layout_gridlike, grunt_megastairs_1, uniq_gastronok, uniq_snorg
Lair:4:   layout_hall_layers, serial_bayou_pond_e
Lair:5:   evilmike_catoblepas_cave, layout_loops_ring, slime_entry_1,
          maelrawn_ghost_gauntlet_escape, lemuel_fruit_tree
Shoals:1: layout_shoals, nicolae_shoals_lost_giant_temple
Shoals:2: layout_shoals
Shoals:3: layout_shoals
Shoals:4: shoals_end_grunt_ice, layout_shoals, shoals_ilsuiw_alternative
Snake:1:  layout_chambers, nicolae_snake_gridmaze_entwining,
          serial_bayou_shore_a, uniq_rupert, uniq_aizul
Snake:2:  layout_grid_maze, basic_altar, nicolae_snake_guarding_the_ruins
Snake:3:  layout_cave_town, uniq_mlioglotl
Snake:4:  snake_pit, layout_cave_pods, grunt_megastairs_3
Orc:1:    layout_caves
Orc:2:    grunt_orc_tribal_feast, layout_diamond_mine, serial_shops,
          nicolae_shop_window_shopping, nicolae_shop_peninsula, shop,
          nicolae_shop_tiny_statue_garden, nicolae_shop_rolling_square
Vaults:1: nicolae_vaults_storage_closets_2, v_misc_4,
          nicolae_vaults_tetromino_T_2, nicolae_vaults_angled_halls,
          nicolae_vaults_theta, nicolae_vaults_yaktaur_gun_rack,
          vaults_room_door_hall, nicolae_vaults_tetromino_Z_2,
          nicolae_vaults_diffraction_hallways, ontoclasm_vaults_twist,
          vaults_standard_mumra_lines, ontoclasm_vaults_shuriken,
          nicolae_vaults_trapezoid_2, layout_vaults_omnicross, enter_trove_3
Vaults:2: nicolae_vaults_offset_grid_hallway_4, ontoclasm_vaults_eye, v_misc_25,
          dpeg_vaults_monster_box, v_misc_23,
          minmay_crypt_entry_skeletal_spiral, nicolae_vaults_network_periphery,
          st_check, nicolae_vaults_big_angled_halls, nicolae_vaults_octothorpe,
          v_rooms_6, nicolae_vaults_trapezoid_4, nicolae_vaults_three_branches,
          vaults_room_stairs_pillars, nicolae_vaults_apartment_1,
          nicolae_vaults_rhombus_7, layout_vaults_omnibox, uniq_mennas

Skill      XL: |  1  2  3  4  5  6  7  8  9 10 11 12 13 14 15 16 17 18 19 20 |
---------------+-------------------------------------------------------------+-----
Fighting       | 1 2 3 4 6 7 9 10 11 12 13 14 15 16 17 | 17.4
Short Blades   | 1 2 |  2.3
Armour         | 1 2 3 4 5 6 7 8 9 10 11 | 11.3
Staves         | 1 2 3 4 6 7 9 10 12 14 | 14.5
Shields        | 1 3 5 6 7 9 11 12 13 14 | 14.6
Invocations    | 2 4 5 7 9 10 11 12 14 15 16 17 | 17.0
Dodging        | 2 4 5 6 7 |  7.7
Throwing       | 2 3 4 6 7 8 10 11 | 11.4
Evocations     | 3 4 5 6 7 |  7.9
Maces & Flails | 2 7 9 11 12 | 12.1
Ranged Weapons | |  0.1
Stealth        | |  1.7
Spellcasting   | |  2.3
Conjurations   | |  0.3
Hexes          | |  2.8
Necromancy     | |  2.1
Air Magic      | |  0.1
Poison Magic   | |  0.5

Action                     |  1- 3 |  4- 6 |  7- 9 | 10-12 | 13-15 | 16-18 | 19-21 || total
---------------------------+-------+-------+-------+-------+-------+-------+-------++-------
  Melee: Dagger            |    80 |    54 |       |       |       |       |       ||   134
         Club              |     9 |       |       |       |       |       |       ||     9
         Punch             |     1 |       |       |       |       |       |     2 ||     3
         Quarterstaff      |       |    25 |   238 |   524 |   483 |       |       ||  1270
         Lajatang          |       |       |       |       |   690 |   358 |    24 ||  1072
         Morningstar       |       |       |       |       |       |   712 |   388 ||  1100
         War axe           |       |       |       |       |       |     4 |       ||     4
   Fire: Sling             |    35 |     2 |     2 |       |       |     5 |       ||    44
  Throw: Dart              |       |     7 |    49 |    48 |   180 |   184 |    11 ||   479
         Throwing net      |       |     1 |       |     4 |     1 |     1 |       ||     7
         Boomerang         |       |       |    26 |    33 |    22 |   156 |    41 ||   278
         Javelin           |       |       |       |       |    33 |    72 |   139 ||   244
   Cast: Slow              |    44 |       |       |       |       |       |       ||    44
         Cigotuvi's Dreadf |     1 |       |       |       |       |       |       ||     1
 Invoke: Heroism           |       |       |     1 |     4 |    13 |    17 |     6 ||    41
         Finesse           |       |       |       |     2 |     9 |    11 |     5 ||    27
         Duel              |       |       |       |       |       |     1 |       ||     1
  Evoke: Wand              |       |     5 |     3 |    14 |    26 |     5 |     1 ||    54
         Lightning rod     |       |       |       |       |       |    11 |       ||    11
    Use: Scroll            |     4 |     1 |     6 |     7 |    12 |     4 |     4 ||    38
         Potion            |       |       |       |    11 |     6 |    15 |     5 ||    37
   Stab: Invisible         |       |       |       |     4 |     2 |     8 |       ||    14
         Held in net/web   |       |       |       |     1 |     2 |       |       ||     3
         Petrified         |       |       |       |       |     2 |       |       ||     2
         Distracted        |       |       |       |       |       |     1 |       ||     1
 Armour: Leather armour    |    12 |       |       |       |       |       |       ||    12
         Crystal plate arm |    16 |   134 |   141 |   211 |   570 |   365 |   204 ||  1641
         Skin              |       |       |       |       |       |    16 |       ||    16
  Dodge: Dodged            |    42 |     2 |    12 |    44 |   106 |   121 |    74 ||   401
         Repelled          |       |       |       |       |       |     1 |       ||     1
  Block: Kite shield       |       |       |   177 |   334 |   682 |   119 |       ||  1312
         Reflection        |       |       |     6 |     8 |     4 |   106 |    48 ||   172
         Tower shield      |       |       |       |       |       |   766 |   476 ||  1242
         Other             |       |       |       |       |       |       |     9 ||     9

Table legend: (Time is in decaauts)
 A = Elapsed time spent in this place.
 B = Non-inter-level travel time spent in this place.
 C = Inter-level travel time spent in this place.
 D = Time resting spent in this place.
 E = Time spent auto-exploring this place.
 F = Levels seen in this place.
 G = Mean time per level.
                   A        B        C        D        E       F      G
               +--------+--------+--------+--------+--------+-----+--------+
         Total |  31879 |  30233 |   1646 |   4246 |  17926 |  33 |  966.0 |
       Dungeon |  14027 |  13268 |    759 |   1646 |   8286 |  15 |  935.1 |
          Lair |   5430 |   5015 |    415 |    171 |   3344 |   5 | 1086.0 |
        Shoals |   3325 |   3135 |    190 |    436 |   1762 |   4 |  831.2 |
     Snake Pit |   5357 |   5158 |    199 |    790 |   3001 |   4 | 1339.2 |
  Orcish Mines |   1317 |   1261 |     56 |    449 |    564 |   2 |  658.5 |
        Vaults |   2393 |   2368 |     25 |    733 |    967 |   2 | 1196.5 |
         Arena |     28 |     28 |      0 |     21 |      0 |   1 |   28.0 |
               +--------+--------+--------+--------+--------+-----+--------+

Top non-repeatable levels by time:
Vaults:1: 2325 daAuts
    D:10: 2077 daAuts
 Snake:1: 1831 daAuts
 Snake:4: 1443 daAuts
    D:13: 1249 daAuts
 Snake:2: 1245 daAuts
    D:15: 1231 daAuts
  Lair:5: 1193 daAuts
  Lair:1: 1168 daAuts
   Orc:2: 1167 daAuts
     D:1: 1155 daAuts
Shoals:3: 1145 daAuts
  Lair:2: 1104 daAuts
  Lair:3: 1103 daAuts
     D:9: 984 daAuts
